 Dungeon Crawl Stone Soup version 0.32-a0-938-g40ac7a0f4d (webtiles) character file.

Game seed: 9395205129126232150

809 retardedninja the Trooper (level 7, -2/130 HPs)
             Began as a Coglin Fighter on Apr 15, 2024.
             Was an Initiate of Hepliaklqana.
             Slain by a killer bee (5 damage)
             ... on level 5 of the Dungeon.
             The game lasted 00:05:22 (3507 turns).

retardedninja the Trooper (Coglin Fighter)          Turns: 3507, Time: 00:05:23

Health: -2/130     AC: 23    Str: 18    XL:     7   Next: 92%
Magic:  7/7        EV:  2    Int:  7    God:    Hepliaklqana [......]
Gold:   200        SH:  0    Dex: 14    Spells: 6/6 levels left

rFire   + . .        a - +0 war axe {Karolin}
rCold   + . .        j - +0 war axe {Latda}
rNeg    . . .        q - melded +0 plate armour
rPois   +            m - melded +2 helmet
rElec   +            (cloak currently unavailable)
rCorr   +            (gloves currently unavailable)
SInv    .            p - melded +2 pair of boots {Fly}
Will    .....        (amulet unavailable) Stlth
                     (ring unavailable)
HPRegen 0.41/turn    (ring unavailable)
MPRegen 0.10/turn    (no gizmo)

%: no passive effects
@: mighty, berserking, tree-form, resistant, hasted, invisible, revved, very
quick
A: stationary, stasis, torment immunity, boosted hp, off-hand wielding, slow
wielding, warmup strikes, no jewellery
a: Invent Gizmo, Renounce Religion


You were on level 5 of the Dungeon.
You worshipped Hepliaklqana.
Hepliaklqana was noncommittal.
You were a tree.
You visited 1 branch of the dungeon, and saw 5 of its levels.
You also visited: Sewer.

You collected 200 gold pieces.

Inventory:

Hand Weapons
 a - a +0 war axe (weapon) {Karolin}
 j - a +0 war axe (offhand) {Latda}
 r - a +0 battleaxe
Armour
 f - a +0 chain mail
 m - a +2 helmet (melded)
 p - a +2 pair of boots of flying (melded)
 q - a +0 plate armour (melded)
Wands
 u - a wand of flame (11)
Scrolls
 b - a scroll of fear {unknown}
 c - a scroll of immolation {unknown}
 i - a scroll of vulnerability {unknown}
 k - a scroll of amnesia {unknown}
 n - a scroll of enchant weapon {unknown}
 s - a scroll of identify
 v - a scroll of blinking {unknown}


   Skills:
 * Level 6.1 Fighting
 * Level 5.7 Axes
 + Level 4.4 Armour
 - Level 2.1 Shields


You had 6 spell levels left.
You didn't know any spells.
Your spell library contained the following spells:

 Spells                   Type           Power      Damage    Failure   Level
 Call Imp                 Summ           0%         N/A       56%         2
 Sublimation of Blood     Necr           0%         N/A       56%         2
 Tukima's Dance           Hex            0%         N/A       80%         3
 Passage of Golubria      Tloc           0%         N/A       99%         4
 Yara's Violent Unravell  Hex/Alch       0%         3d3       100%        5
 Summon Hydra             Summ           0%         N/A       100%        7


Dungeon Overview and Level Annotations

Branches:
Dungeon (5/15)              Sewer (visited)
 Temple: D:4-7

Altars:
Hepliaklqana
Uskayaw


Innate Abilities, Weirdness & Mutations

You are a tree.
Your roots penetrate the ground, keeping you stationary.
You cannot be teleported.
You are immune to unholy pain and torment.
Your maximum health is greatly increased.
Your equipment is partially melded.
You can wield a second weapon in your off-hand.
It takes a long time for you to wield or remove held weapons.
Your first few attacks do less damage.
You cannot equip rings or amulets.


Message History

You feel better.
The killer bee stings you but does no damage. x5
The killer bee stings you!
* * * LOW HITPOINT WARNING * * *
You miss the killer bee with your +0 war axe.
The killer bee is severely wounded.
You hit the killer bee with your +0 war axe.
You miss the killer bee with your +0 war axe.
You barely miss the killer bee with your +0 war axe.
You miss the killer bee with your +0 war axe.
You hit the killer bee with your +0 war axe.
The killer bee stings you but does no damage. x2
The killer bee barely misses you.
The killer bee stings you but does no damage.
The killer bee stings you.
* * * LOW HITPOINT WARNING * * *
The killer bee stings you but does no damage.
You completely miss the killer bee with your +0 war axe.
The killer bee is severely wounded.
You slash the killer bee with your +0 war axe!
You miss the killer bee with your +0 war axe.
You slash the killer bee with your +0 war axe!
You kill the killer bee!
You miss the killer bee with your +0 war axe.
You hit the killer bee with your +0 war axe.
The killer bee stings you.
* * * LOW HITPOINT WARNING * * *
The killer bee stings you but does no damage.
You feel very mighty all of a sudden.
The killer bee stings you but does no damage. x4
It was a potion of invisibility.
You fade into invisibility!
The killer bee stings you but does no damage. x2
It was a potion of berserk rage.
A red film seems to cover your vision as you go berserk!
You feel yourself moving faster!
You feel mighty! The killer bee stings you.
* * * LOW HITPOINT WARNING * * *
The killer bee stings you.
You die...
Hepliaklqana delivers you to your ancestors.

###### #....### #......
#....### #######......
...#......#####
.##########.#.#y#yy.....
.#.............†♣#
.#>..######.#.####
.#...######.#.#
.....#......#.#
....##.######.#
............#.#
.......#..#.#.#
....##....# #.#
#.........#


You could see 3 killer bees.

Vanquished Creatures
  Pargi (Sewer)
  An ice beast (D:4)
  A brain worm (Sewer)
  2 scorpions (D:4)
  A killer bee (D:5)
  A hound (D:3)
  An orc priest (D:2)
  A gnoll bouda (D:5)
  Jessica (D:2)
  Natasha (thrice) (D:2)
  Robin (D:2)
  3 gnolls (D:5)
  7 adders
  A river rat (D:3)
  2 ufetubi (D:5)
  A ribbon worm (D:2)
  3 orcs (D:2)
  4 ball pythons
  4 endoplasms
  3 giant cockroaches
  16 goblins
  9 hobgoblins
  4 kobolds
  A quokka (D:3)
  10 bats
  3 frilled lizards
  8 rats
93 creatures vanquished.

Notes
Turn   | Place    | Note
-------+----------+-------------------------------------------
     0 | D:1      | retardedninja the Coglin Fighter began the quest for the
                  | Orb.
     0 | D:1      | Reached XP level 1. HP: 18/18 MP: 1/1
   162 | D:1      | Reached XP level 2. HP: 5/24 MP: 2/2
   886 | D:1      | Found a faded altar of an unknown god.
  1152 | D:2      | Reached XP level 3. HP: 24/29 MP: 3/3
  1175 | D:2      | Noticed Jessica
  1180 | D:2      | Killed Jessica
  1181 | D:2      | Reached XP level 4. HP: 33/37 MP: 4/4
  1290 | D:2      | Reached skill level 4 in Fighting
  1326 | D:2      | Reached XP level 5. HP: 31/42 MP: 5/5
  1474 | D:2      | Noticed Robin
  1475 | D:2      | Noticed Natasha
  1487 | D:2      | Killed Robin
  1487 | D:2      | Killed Natasha
  1790 | D:2      | Noticed Natasha
  1795 | D:2      | Killed Natasha
  1883 | D:2      | Noticed Natasha
  1887 | D:2      | Killed Natasha
  1995 | D:3      | Reached XP level 6. HP: 47/49 MP: 6/6
  2404 | D:3      | Found a glowing drain.
  2428 | Sewer    | Entered a sewer
  2460 | Sewer    | Reached skill level 5 in Fighting
  2509 | Sewer    | Noticed Pargi
  2516 | Sewer    | Killed Pargi
  2517 | Sewer    | Reached XP level 7. HP: 49/56 MP: 7/7
  2692 | D:4      | Found a hide-covered altar of Uskayaw.
  2788 | D:4      | Reached skill level 5 in Axes
  3086 | D:4      | Found a hazy altar of Hepliaklqana.
  3274 | D:4      | Became a worshipper of Hepliaklqana the Forgotten
  3283 | D:5      | Entered Level 5 of the Dungeon
  3350 | D:5      | Reached skill level 6 in Fighting
  3503 | D:5      | HP: 4/87 [killer bee (6)]
  3507 | D:5      | Slain by a killer bee

Illustrated notes

Levels and vault maps discovered:
D:1:      lemuel_arrival_rhombus, layout_basic,
          chequers_ecumenical_altar_simple, st_stairs_8, minmay_tromino_i2
D:2:      layout_rooms, minmay_surrounded, uniq_robin, uniq_jessica,
          uniq_natasha
D:3:      layout_rooms, portal_sewer_entry_b
D:4:      layout_loops_ring, mainiacjoe_overflow_brackets,
          nzn_hepliaklqana_mist_gate
D:5:      layout_basic

Skill      XL: |  1  2  3  4  5  6  7 |
---------------+----------------------+-----
Armour         | 3 4 |  4.4
Axes           | 3 4 5 |  5.7
Fighting       | 4 5 6 |  6.1
Shields        | |  2.1

Action                     |  1- 3 |  4- 6 |  7- 9 || total
---------------------------+-------+-------+-------++-------
  Melee: War axe           |    40 |   134 |    91 ||   265
         Mace              |    15 |       |       ||    15
    Use: Potion            |       |     1 |     8 ||     9
         Scroll            |       |       |     2 ||     2
 Armour: Scale mail        |    30 |    14 |       ||    44
         Chain mail        |       |    83 |       ||    83
         Plate armour      |       |       |    87 ||    87
         Skin              |       |       |    26 ||    26
  Dodge: Dodged            |    14 |    38 |    26 ||    78

Table legend: (Time is in decaauts)
 A = Elapsed time spent in this place.
 B = Non-inter-level travel time spent in this place.
 C = Inter-level travel time spent in this place.
 D = Time resting spent in this place.
 E = Time spent auto-exploring this place.
 F = Levels seen in this place.
 G = Mean time per level.
                   A        B        C        D        E       F      G
               +--------+--------+--------+--------+--------+-----+--------+
         Total |   3561 |   3334 |    227 |    474 |   2219 |   6 |  593.5 |
       Dungeon |   3374 |   3147 |    227 |    474 |   2162 |   5 |  674.8 |
         Sewer |    187 |    187 |      0 |      0 |     57 |   1 |  187.0 |
               +--------+--------+--------+--------+--------+-----+--------+

Top non-repeatable levels by time:
     D:1: 1152 daAuts
     D:2: 856 daAuts
     D:4: 594 daAuts
     D:3: 542 daAuts
     D:5: 228 daAuts
   Sewer: 187 daAuts
